 Dungeon Crawl Stone Soup version 0.27-a0-323-gbd089401bb (webtiles) character file.

Game seed: 6827071702046183691

227 wampuh the Slasher (level 5, -1/49 HPs)
             Began as a Palentonga Fighter on Feb 10, 2021.
             Slain by a gnoll
             ... wielding a +0 halberd
              (10 damage)
             ... on level 2 of the Dungeon.
             The game lasted 00:02:08 (1253 turns).

wampuh the Slasher (Palentonga Fighter)             Turns: 1253, Time: 00:02:10

Health: -1/49      AC:  7    Str: 19 (20) XL:     5   Next: 70%
Magic:  5/5        EV:  4    Int:  8 (9)  God:
Gold:   89         SH:  0    Dex:  7 (9)  Spells: 4/4 levels left

rFire    . . .     SeeInvis +   a - +0 long sword
rCold    . . .     Faith    .   c - +0 kite shield
rNeg     . . .     Spirit   .   g - +3 leather armour
rPois    .         Reflect  .   (no helmet)
rElec    .         Harm     .   (no cloak)
rCorr    .         Rampage  .   (no gloves)
Will     .....                  (no barding)
Stlth    +.........             (no amulet)
HPRegen  0.16/turn              (no ring)
MPRegen  0.09/turn              (no ring)

@: held
A: large, rugged brown scales 3, see invisible, deformed body, roll 1, armoured
tail
a: Rolling Charge


You were on level 2 of the Dungeon.
You visited 1 branch of the dungeon, and saw 2 of its levels.

You collected 89 gold pieces.

Inventory:

Hand Weapons
 a - a +0 long sword (weapon)
Armour
 c - a +0 kite shield (worn)
 g - a +3 leather armour (worn)
 h - a +0 chain mail
Scrolls
 b - a scroll of fear {unknown}
 i - a scroll of blinking {unknown}
 j - a scroll of teleportation {unknown}
 k - a scroll of immolation {unknown}
 l - a scroll of identify {unknown}
Potions
 e - a potion of mutation {unknown}
 f - a potion of ambrosia {unknown}


   Skills:
 + Level 3.9 Fighting
 * Level 4.0 Long Blades
 + Level 3.2 Armour
 + Level 3.2 Shields


You had 4 spell levels left.
You didn't know any spells.
Your spell library was empty.

Dungeon Overview and Level Annotations

Branches:
Dungeon (2/15)

Altars:


Innate Abilities, Weirdness & Mutations

You are completely covered in rugged brown scales. (AC +3, +7% HP)
You have supernaturally acute eyesight. (SInv)
Armour fits poorly on your strangely shaped body.
You can roll at nearby foes to attack.
You have a long armoured tail.


Message History

You block the bat's attack. The bat barely misses you.
The bat barely misses you. You block the bat's attack.
The gnoll barely misses you. The bat hits you but does no damage.
You block the bat's attack. There's nothing you can charge at!
Unknown command.
The bat hits you but does no damage. The bat hits you but does no damage.
The bat hits you but does no damage. x2
You block the bat's attack. You block the bat's attack.
You block the bat's attack.
You hit the bat.
You kill the bat!
The gnoll hits you but does no damage.
The gnoll throws a throwing net.
The throwing net hits you.
You become entangled in the net!
You see here a throwing net.
You tear a large gash into the net.
You struggle against the net.
The gnoll hits you from afar with a +0 halberd.
You rip the net and break free!
The gnoll barely misses you.
You riposte.
You barely miss the gnoll. You slash the gnoll!
The gnoll is heavily wounded.
The gnoll hits you from afar with a +0 halberd!
You block the gnoll's attack.
The gnoll hits you from afar with a +0 halberd!
* * * LOW HITPOINT WARNING * * *
You block the gnoll's attack.
The gnoll throws a throwing net.
The throwing net hits you.
You become entangled in the net!
You see here a throwing net.
It was a potion of degeneration.
There was something very wrong with that liquid.
You feel weakened.
You feel dopey.
You feel clumsy. The gnoll hits you.
* * * LOW HITPOINT WARNING * * *
The gnoll hits you from afar with a +0 halberd!
You die...

#...# ##..#.♣♣ #.##..... #...#
#.....P♣ #........ #...###.....P
#####g... .........^# #.g.g.###
.........## #.##..# .........#
#.##..#
.........################.##..###
..................g...#...##.....
.####...........@.g.†......).####
.# #............g..).#.###### .#
#...........†.....#.######### .#
#.........#######.#.......... .#
#.........# #...#########
#.........# ##..# ###########
#..# ##.# #>#


You could see 3 gnolls.

Vanquished Creatures
  Sigmund (D:2)
  A hound (D:2)
  An ooze (D:2)
  A worm (D:2)
  A dart slug (D:1)
  2 leopard geckos
  7 bats
  A giant cockroach (D:2)
  2 hobgoblins
  3 frilled lizards
  3 goblins (D:1)
  4 kobolds
  8 rats
35 creatures vanquished.

Notes
Turn   | Place    | Note
-------+----------+-------------------------------------------
     0 | D:1      | wampuh the Palentonga Fighter began the quest for the Orb.
     0 | D:1      | Reached XP level 1. HP: 20/20 MP: 1/1
   284 | D:1      | Reached XP level 2. HP: 27/27 MP: 2/2
   929 | D:2      | Noticed Sigmund
   937 | D:2      | Killed Sigmund
   938 | D:2      | Reached skill level 3 in Long Blades
   938 | D:2      | Reached XP level 3. HP: 30/35 MP: 3/3
   938 | D:2      | Reached XP level 4. HP: 36/42 MP: 4/4
   938 | D:2      | Reached XP level 5. HP: 42/49 MP: 5/5
  1114 | D:2      | Reached skill level 4 in Long Blades
  1253 | D:2      | Slain by a gnoll

Illustrated notes

Levels and vault maps discovered:
D:1:      dpeg_arrival_chambers_temple_mockup, layout_basic
D:2:      layout_basic, uniq_crazy_yiuf_cottage, uniq_sigmund

Skill      XL: |  1  2  3  4  5 |
---------------+----------------+-----
Long Blades    | 3 4 |  4.0
Armour         | 3 |  3.2
Shields        | 3 |  3.2
Fighting       | |  3.9

Action                   |  1- 3 |  4- 6 || total
-------------------------+-------+-------++-------
Melee: Long sword        |    59 |    39 ||    98
       Tailslap          |     7 |     5 ||    12
  Use: Potion            |     1 |     1 ||     2
Armor: Scale mail        |    10 |       ||    10
       Leather armour    |    34 |    35 ||    69
Dodge: Dodged            |    23 |    22 ||    45
Block: Kite shield       |    29 |    25 ||    54
       Rpst.: Long sword |    10 |     7 ||    17

Table legend: (Time is in decaauts)
 A = Elapsed time spent in this place.
 B = Non-inter-level travel time spent in this place.
 C = Inter-level travel time spent in this place.
 D = Time resting spent in this place.
 E = Time spent auto-exploring this place.
 F = Levels seen in this place.
 G = Mean time per level.
                   A        B        C        D        E       F      G
               +--------+--------+--------+--------+--------+-----+--------+
         Total |   1297 |   1289 |      8 |     54 |    933 |   2 |  648.5 |
       Dungeon |   1297 |   1289 |      8 |     54 |    933 |   2 |  648.5 |
               +--------+--------+--------+--------+--------+-----+--------+

Top non-repeatable levels by time:
     D:1: 780 daAuts
     D:2: 517 daAuts
